 Dungeon Crawl Stone Soup version 0.31-a0-210-gccc998df9b (webtiles) character file.

Game seed: 8864887783255674

100 qw the Shooter (level 4, 0/36 HPs)
             Began as a Minotaur Hexslinger on June 29, 2023.
             Killed by nerve-wracking pain
             ... invoked by an orc priest
              (14 damage)
             ... on level 4 of the Dungeon.
             The game lasted 00:00:53 (2084 turns).

qw the Shooter (Minotaur Hexslinger)                Turns: 2084, Time: 00:00:54

Health: 0/36       AC:  5    Str: 13    XL:     4   Next: 46%
Magic:  4/4        EV: 11    Int: 10    God:
Gold:   150        SH:  0    Dex: 14    Spells: 4/5 levels left

rFire   . . .        Y - +1 sling
rCold   . . .        (no shield)
rNeg    . . .        i - +0 ring mail
rPois   .            (helmet restricted)
rElec   .            (no cloak)
rCorr   .            (no gloves)
SInv    +            (no boots)
Will    .....        (no amulet)
Stlth   +            j - ring of see invisible
HPRegen 0.26/turn    (no ring)
MPRegen 0.09/turn

%: no passive effects
@: no status effects
A: horns 2, retaliatory headbutt
a: no special abilities


You were on level 4 of the Dungeon.
You visited 1 branch of the dungeon, and saw 4 of its levels.

You collected 150 gold pieces.


Innate Abilities, Weirdness & Mutations

You have a pair of horns on your head.
You reflexively headbutt those who attack you in melee.


   Skills:
 - Level 2.0 Fighting
 + Level 4.7 Ranged Weapons
 - Level 1.4 Armour
 - Level 2.1 Dodging
 - Level 1.0 Spellcasting
 - Level 2.0 Hexes


You had 4 spell levels left.
You knew the following spells:

 Your Spells              Type           Power      Damage    Failure   Level
a - Slow                  Hex            16%        N/A       32%         1

Your spell library contained the following spells:

 Spells                   Type           Power      Damage    Failure   Level
 Inner Flame              Hex/Fire       2%         N/A       82%         3
 Portal Projectile        Hex/Tloc       4%         N/A       82%         3
 Cause Fear               Hex            2%         N/A       97%         4

Inventory:

Hand Weapons
 Y - a +1 sling (weapon)
Armour
 i - a +0 ring mail (worn)
Jewellery
 j - a ring of see invisible (left hand)
Scrolls
 b - 2 scrolls of teleportation
 l - a scroll of fear {unknown}
Potions
 a - a potion of mutation {unknown}
 c - a potion of brilliance {unknown}
 d - 3 potions of enlightenment
 e - a potion of lignification {unknown}
 f - a potion of attraction {unknown}
 g - a potion of heal wounds {unknown}
 h - a potion of ambrosia {unknown}
 k - a potion of curing {unknown}
 n - a potion of might

Dungeon Overview and Level Annotations

Branches:
Dungeon (4/15)
 Temple: D:4-7

Altars:
Makhleb


Message History

Enter note:
Enter note:
2076 ||| Stepping ~*~*~tactically~*~*~ (outnumbered).
You shoot a sling bullet. The sling bullet hits the orc priest.
The orc priest is moderately wounded.
The orc priest begins to cast a cantrip, but forgets the words!
You shoot a sling bullet. The sling bullet hits the orc.
The orc is severely wounded.
The orc hits you with a +0 flail.
You shoot a sling bullet. The sling bullet barely misses the orc.
The orc hits you with a +0 flail. The orc priest misses you.
You shoot a sling bullet.
The sling bullet closely misses the orc.
The sling bullet hits the orc.
The orc is almost dead.
The orc closely misses you. The orc priest barely misses you.
You shoot a sling bullet. The sling bullet barely misses the orc.
The orc hits you with a +0 flail!
The orc priest invokes the aid of Beogh against you.
Pain shoots through your body! The orc hits you but does no damage.
You shoot a sling bullet. The sling bullet hits the orc.
You kill the orc!
The orc hits you with a +0 flail.
The orc priest hits you but does no damage.
The orc closely misses you.
You shoot a sling bullet. The sling bullet hits the orc.
You kill the orc!
The orc misses you.
The orc priest hits you with a +0 hand axe.
The orc misses you.
An ufetubus comes into view.
The orc hits you from afar with a +0 trident.
The orc barely misses you. You furiously retaliate!
You headbutt the orc!
You kill the orc!
The orc priest looks satisfied for a moment.
You shoot a sling bullet. The sling bullet hits the orc priest.
The orc priest is heavily wounded.
The orc priest mumbles some strange prayers to Beogh against you.
Pain shoots through your body!
You die...

#'####....# #.......
..........# #.......
..........# #.......
..........# #.......
..........# ###.#...
..........## #...#.
......)....# ##..##.
....5oo))..# #......
..o...#@...# ##.####.
...oo #....# #..# #.. ....
#.#### ####.## #..
########.######....# #..
#......[........#### ##.#
#..........##..##### #...
..............>.....# #...
....................###...
..........................


You could see an orc priest, an orc and an ufetubus.

Vanquished Creatures
  2 adders
  A gnoll (D:1)
  4 worms (D:2)
  2 dart slugs (D:1)
  4 orcs
  2 ball pythons
  7 endoplasms
  2 giant cockroaches (D:1)
  4 hobgoblins
  3 quokkas
  4 bats
  3 frilled lizards
  6 goblins
  3 kobolds
  2 rats
49 creatures vanquished.

Notes
Turn   | Place    | Note
-------+----------+-------------------------------------------
     0 | D:1      | qw the Minotaur Hexslinger began the quest for the Orb.
     0 | D:1      | Reached XP level 1. HP: 16/16 MP: 1/1
     0 | D:1      | 0 ||| qw: Version: 0.3-a-24-ga2abf7b
     0 | D:1      | 0 ||| qw: Game counter: 6911
     0 | D:1      | 0 ||| qw: Melee chars always use a shield: true
     0 | D:1      | 0 ||| qw: God list: Okawaru
     0 | D:1      | 0 ||| qw: Allow faded altars: false
     0 | D:1      | 0 ||| qw: Do Orc after clearing Dungeon:15 true
     0 | D:1      | 0 ||| qw: Do second Lair branch before Depths: true
     0 | D:1      | 0 ||| qw: Lair rune preference: random
     0 | D:1      | 0 ||| qw: Goals: Normal
     0 | D:1      | 0 ||| PLANNING D:1-11
    44 | D:1      | Reached skill level 3 in Ranged Weapons
    44 | D:1      | Reached XP level 2. HP: 12/23 MP: 2/2
   383 | D:1      | Reached XP level 3. HP: 29/29 MP: 3/3
   645 | D:1      | 645 ||| UPGRADING to +0 leather armour.
   655 | D:1      | 655 ||| DROPPING +0 robe.
   656 | D:1      | 656 ||| UPGRADING to +0 ring mail.
   666 | D:1      | 666 ||| DROPPING +0 leather armour.
   667 | D:1      | 667 ||| UPGRADING to ring of see invisible.
   668 | D:1      | 668 ||| READING scroll labelled OWAOFF QIMUDA.
   669 | D:1      | 669 ||| READING scroll labelled WOYKAIROROF.
   670 | D:1      | 670 ||| READING scroll labelled DYTZUV QESHIMNOLET.
   671 | D:1      | 671 ||| DROPPING scroll of poison.
   805 | D:2      | Reached skill level 4 in Ranged Weapons
   880 | D:2      | Reached skill level 1 in Armour
  1191 | D:2      | Found a burning altar of Makhleb.
  1303 | D:2      | 1303 ||| READING scroll labelled ZUITUD OTYK.
  1304 | D:2      | 1304 ||| READING 2 scrolls labelled PIUSURAXYCS.
  1308 | D:2      | 1308 ||| READING scroll labelled HAJEKUFARRU.
  1309 | D:2      | 1309 ||| READING scroll labelled RIN HANUUR.
  1310 | D:2      | 1310 ||| DRINKING 4 yellow potions.
  1354 | D:3      | Reached XP level 4. HP: 36/36 MP: 4/4
  1793 | D:3      | Found a faded altar of an unknown god.
  1939 | D:3      | 1939 ||| DROPPING +6 ring of intelligence.
  1940 | D:3      | 1940 ||| READING 2 scrolls labelled HUFAUNTUDD.
  1941 | D:3      | 1941 ||| READING scroll labelled JAERPH OLOIQIMN.
  1942 | D:3      | 1942 ||| DRINKING 2 cyan potions.
  1943 | D:3      | 1943 ||| DROPPING scroll of revelation.
  2076 | D:4      | 2076 ||| Stepping ~*~*~tactically~*~*~ (outnumbered).
  2084 | D:4      | Killed from afar by an orc priest

Levels and vault maps discovered:
D:1:      roderic_dead_forest, layout_loops_cross, hex_medium
D:2:      layout_rooms, basic_altar
D:3:      layout_loops_ring, shapermc_ecumenical_altar_hornbeckon, minivault_19
D:4:      layout_basic, kennysheep_doodads

Skill      XL: |  1  2  3 |
---------------+----------+-----
Ranged Weapons | 3 4 |  4.7
Fighting       | 2 |  2.0
Armour         | 1 |  1.4
Dodging        | |  2.1
Spellcasting   | |  1.0
Hexes          | |  2.0

Action                     |  1- 3 |  4- 6 || total
---------------------------+-------+-------++-------
   Fire: Sling             |   145 |    52 ||   197
    Use: Scroll            |     7 |     2 ||     9
         Potion            |     1 |     1 ||     2
 Armour: Robe              |     2 |       ||     2
         Ring mail         |     9 |    19 ||    28
  Dodge: Dodged            |    24 |    26 ||    50

Table legend:
 A = Non-vault XP
 B = Vault XP
 C = Vault XP percentage of total XP
 D = Non-vault monster count
 E = Vault monster count
 F = Vault count percentage of total count
                 A         B        C        D         E       F
            +---------+---------+-------+---------+---------+-------
      Total |     143 |       0 |   0.0 |      49 |       0 |   0.0
            +---------+---------+-------+---------+---------+-------
        D:1 |      46 |       0 |   0.0 |      18 |       0 |   0.0
        D:2 |      50 |       0 |   0.0 |      14 |       0 |   0.0
        D:3 |      29 |       0 |   0.0 |       9 |       0 |   0.0
        D:4 |      18 |       0 |   0.0 |       8 |       0 |   0.0
            +---------+---------+-------+---------+---------+-------
